 Dungeon Crawl Stone Soup version 0.25.0-26-g0c896c7088 (webtiles) character file.

Game seed: 2416449199999068352

16586 Revguard the Carver (level 12, -10/91 HPs)
             Began as a Demonspawn Gladiator on July 5, 2020.
             Was a High Priest of Okawaru.
             Mangled by a wolf spider simulacrum (22 damage)
             ... on level 13 of the Dungeon.
             The game lasted 00:38:02 (12137 turns).

Revguard the Carver (Demonspawn Gladiator)         Turns: 12137, Time: 00:38:05

Health: -10/91     AC: 19    Str: 20    XL:     12   Next: 11%
Magic:  19/19      EV: 26    Int: 10    God:    Okawaru [*****.]
Gold:   896        SH:  0    Dex: 18    Spells: 11/11 levels left

rFire    . . .     SeeInvis .   D - +0 great sword
rCold    . . .     Gourm    .   (shield currently unavailable)
rNeg     . . .     Faith    .   z - +1 troll leather armour
rPois    .         Spirit   .   c - +0 helmet
rElec    .         Reflect  .   B - +0 cloak
rCorr    .         Harm     .   (gloves unavailable)
MR       .....                  p - +0 pair of boots
Stlth    ++++......             b - amulet of regeneration
HPRegen  1.05/turn              (no ring)
MPRegen  0.16/turn              (no ring)

@: agile, heroism, finesse, sanguine armour
A: claws 3, talons 1, foul stench 1, powered by pain 1, strong 2, rot immunity,
sanguine armour 2
a: Heroism, Finesse, Renounce Religion


You were on level 13 of the Dungeon.
You worshipped Okawaru.
Okawaru was extremely pleased with you.
You were not hungry.

You visited 1 branch of the dungeon, and saw 13 of its levels.

You collected 896 gold pieces.

Inventory:

Hand Weapons
 D - a +0 great sword (weapon)
Missiles
 k - a curare-tipped dart (quivered)
 l - 101 poisoned darts
 H - 6 silver javelins
 J - 3 javelins
Armour
 a - the +1 pair of gloves of the Invisible Hand {Harm}
   (Okawaru gifted it to you on level 11 of the Dungeon)

   It increases damage dealt and taken.
 c - a +0 helmet (worn)
 p - a +0 pair of boots (worn)
 z - a +1 troll leather armour (worn)
 B - a +0 cloak (worn)
Jewellery
 b - an amulet of regeneration (around neck)
Wands
 g - a wand of flame (20)
 n - a wand of acid (7)
 s - a wand of paralysis (9)
 A - a wand of random effects (15)
 E - a wand of digging (7)
Scrolls
 e - 9 scrolls of remove curse
 m - 2 scrolls of blinking
 r - 3 scrolls of amnesia
 t - 2 scrolls of magic mapping
 v - 5 scrolls of teleportation
 y - 3 scrolls of fear
 C - a scroll of enchant weapon
 I - 2 scrolls of immolation
Potions
 h - a potion of magic
 i - 3 potions of mutation
 j - a potion of lignification
 o - 9 potions of curing
 q - 2 potions of stabbing
 u - 3 potions of cancellation
 w - 4 potions of flight
 x - 2 potions of brilliance
 F - a potion of heal wounds
 G - a potion of ambrosia
Comestibles
 d - 5 chunks of flesh
 f - 18 rations


   Skills:
 + Level 7.0(12.0) Fighting
 + Level 11.1(16.1) Long Blades
 + Level 2.5(7.5) Throwing
 + Level 4.0(9.0) Armour
 + Level 6.7(11.7) Dodging
 + Level 3.5(8.5) Stealth
 * Level 9.7 Invocations
 * Level 8.6 Evocations


You had 11 spell levels left.
You didn't know any spells.
Your spell library contained the following spells:

 Spells                   Type           Power        Failure   Level  Hunger
 Magic Dart               Conj           #...         41%         1    ##.....
 Blink                    Tloc           N/A          54%         2    ###....
 Call Imp                 Summ           #.......     54%         2    ###....
 Ensorcelled Hibernation  Hex/Ice        #.....       54%         2    ###....
 Slow                     Hex            #.......     54%         2    ###....
 Conjure Flame            Conj/Fire      #.......     78%         3    ####...
 Mephitic Cloud           Conj/Pois/Air  #.......     78%         3    ####...
 Borgnjor's Vile Clutch   Necr/Erth      #.........   100%        5    ######.
 Silence                  Hex/Air        #.........   100%        5    ######.
 Darkness                 Hex            #.........   100%        6    #######
 Shadow Creatures         Summ           N/A          100%        6    #######


Dungeon Overview and Level Annotations

Branches:
Dungeon (13/15)            Temple (0/1) D:7            Lair (0/6) D:9
    Orc (0/2) D:12
 Vaults: D:13-14

Altars:
Elyvilon
Nemelex Xobeh
Okawaru
Qazlal
Ru
Xom
Yredelemnul

Shops:
D:6 [   D:9 (   D:11 !

Annotations:
D:13 Yqoodd's ghost, journeyman GnWr


Innate Abilities, Weirdness & Mutations

You have claws for hands.
You may emit foul miasma when damaged in melee.
You sometimes gain a little power by taking damage.
You are immune to rotting.
When seriously injured, your bleeding wounds create thick armour. (AC +9)
You have sharp toenails.
Your muscles are very strong. (Str +4)


Message History

Yqoodd's ghost whispers, "It is all a dream - a grotesque and foolish dream."
Yqoodd's ghost hits you but does no damage.
You hit Yqoodd's ghost but do no damage.
Yqoodd's ghost is moderately damaged.
The wolf spider simulacrum hits you! The wolf spider simulacrum freezes you!
* * * LOW HITPOINT WARNING * * *
You focus on the pain.
You feel your power returning.
You emit a cloud of foul miasma!
The wolf spider simulacrum barely misses you.
You hit Yqoodd's ghost but do no damage.
Yqoodd's ghost is moderately damaged.
Yqoodd's ghost closely misses you.
You hit Yqoodd's ghost but do no damage.
Yqoodd's ghost is moderately damaged.
The wolf spider simulacrum hits you!
* * * LOW HITPOINT WARNING * * *
You focus on the pain.
You feel agile all of a sudden.
The wolf spider simulacrum freezes you!!
You die...

#...........................,,,,,
#...........................,,,,,
#............................,,,,
#..#..##...........#.........,,,,
##.#...#...........###......,,,,,
......##........#***#**,,,,,,,,,,
.....##*#.......###.##**,,,,,,,,,
#..### ##......W.....#***,,,,,,,,
.#.#####........@.#*,,**,,,,,,,,,
.#..##....###''Z###*,,,*,,,,,,,,,
....###...#.....?.#*,,,,,,,,,,,,,
...#......##.....##,,,,,,,,**,,,,
#.......#.#.......#,,,,,,,,****,*
#....#....##.)[%.##,,,,,,,**,**,*
##.#.#....#.$#.#(.#>,,,,,,*,,,,,,
####.....##########***,,,,,,,*,,
#...............,,,,,,,,****,


You could see Yqoodd's ghost and a wolf spider simulacrum.

Vanquished Creatures
  A two-headed ogre (D:8)
  3 unseen horrors
  An elephant (D:9)
  An ugly thing (D:11)
  2 spectral centaurs (D:13)
  2 centaur zombies (D:13)
  Maggie (D:9)
  The ghost of groda1 the Conjurer, a novice DrCj of Sif Muna (D:6)
  A freezing wraith (D:11)
  3 trolls
  Prince Ribbit (D:9)
  3 meliai (D:13)
  A hornet (D:9)
  2 hippogriffs
  2 wraiths
  A centaur simulacrum (D:13)
  Eustachio (D:5)
  A water elemental (D:11)
  A basilisk (D:11)
  14 yaks
  Menkaure (D:6)
  2 vampire mosquitoes (D:10)
  A harpy simulacrum (D:13)
  2 acid dragons
  2 water moccasins
  2 eyes of draining
  2 sky beasts
  4 orc warriors
  2 black bears
  2 phantoms (D:5)
  4 centaurs
  6 ogres
  A necrophage (D:6)
  2 crocodiles (D:9)
  A big kobold (D:11)
  8 bullfrogs
  A water moccasin skeleton (D:7)
  7 scorpions
  7 wights
  2 electric eels (D:11)
  4 howler monkeys
  8 crimson imps
  A bullfrog zombie (D:9)
  6 jellies
  2 quasits
  2 bullfrog skeletons (D:6)
  4 hounds
  2 centaur skeletons
  7 orc priests
  9 orc wizards
  An iguana (D:11)
  7 worker ants
  Terence (D:3)
  3 worker ant zombies
  8 gnolls
  10 adders
  7 shadow imps
  6 oozes
  An adder skeleton (D:4)
  A worm (D:2)
  4 dart slugs
  6 leopard geckos
  34 orcs
  A ball python (D:5)
  8 bats
  7 giant cockroaches
  3 goblins
  7 hobgoblins
  11 jackals
  13 kobolds
  3 quokkas
  4 frilled lizards
  2 quokka skeletons
  9 rats
304 creatures vanquished.

Notes
Turn   | Place    | Note
-------+----------+-------------------------------------------
     0 | D:1      | Revguard the Demonspawn Gladiator began the quest for the
                  | Orb.
     0 | D:1      | Reached XP level 1. HP: 16/16 MP: 1/1
   125 | D:1      | Gained mutation: You have sharp fingernails. [demonic
                  | ancestry]
   125 | D:1      | Reached XP level 2. HP: 14/22 MP: 2/2
   255 | D:1      | Reached skill level 3 in Long Blades
   748 | D:1      | Reached XP level 3. HP: 19/27 MP: 3/3
  1005 | D:2      | Found a white marble altar of Elyvilon.
  1850 | D:3      | Found a sparkling altar of Nemelex Xobeh.
  1866 | D:3      | Gained mutation: When seriously injured, your bleeding
                  | wounds create armour. (AC +9) [demonic ancestry]
  1866 | D:3      | Reached XP level 4. HP: 33/33 MP: 4/4
  1878 | D:3      | Reached skill level 1 in Stealth
  1934 | D:3      | Gained mutation: You have sharp toenails. [potion of
                  | mutation]
  1934 | D:3      | Gained mutation: Your muscles are strong. (Str +2) [potion
                  | of mutation]
  1934 | D:3      | Gained mutation: Your muscles are very strong. (Str +4)
                  | [potion of mutation]
  1960 | D:3      | Reached skill level 4 in Long Blades
  1960 | D:3      | Reached XP level 5. HP: 11/39 MP: 5/5
  2270 | D:3      | Found an iron altar of Okawaru.
  2278 | D:3      | Became a worshipper of Warmaster Okawaru
  2543 | D:3      | Noticed Terence
  2553 | D:3      | Killed Terence
  2727 | D:3      | HP: 1/39 [orc/puff of flame (7)]
  3165 | D:4      | Reached skill level 1 in Armour
  3165 | D:4      | Reached skill level 1 in Invocations
  3165 | D:4      | Reached skill level 1 in Evocations
  3168 | D:4      | Gained mutation: When seriously injured, your bleeding
                  | wounds create thick armour. (AC +9) [demonic ancestry]
  3168 | D:4      | Reached XP level 6. HP: 35/46 MP: 5/7
  3466 | D:4      | Found a white marble altar of Elyvilon.
  3475 | D:4      | Reached * piety under Okawaru
  3956 | D:5      | Entered Level 5 of the Dungeon
  3958 | D:5      | Noticed Eustachio
  3986 | D:5      | Killed Eustachio
  3986 | D:5      | Reached skill level 5 in Long Blades
  3986 | D:5      | Gained mutation: You sometimes gain a little power by
                  | taking damage. [demonic ancestry]
  3986 | D:5      | Reached XP level 7. HP: 33/52 MP: 5/9
  4191 | D:5      | Reached ** piety under Okawaru
  4768 | D:5      | Gained mutation: You have very sharp fingernails. [demonic
                  | ancestry]
  4768 | D:5      | Reached XP level 8. HP: 41/58 MP: 10/10
  4929 | D:6      | Reached skill level 6 in Long Blades
  5263 | D:6      | Found a runed translucent gate.
  5264 | D:6      | Found a runed translucent gate.
  5265 | D:6      | Found a runed translucent gate.
  5271 | D:6      | Noticed groda1's ghost (novice DrCj)
  5293 | D:6      | Found a shimmering altar of Xom.
  5356 | D:6      | Found Bacofauts's Antique Armour Shop.
  5417 | D:6      | Noticed Menkaure
  5426 | D:6      | Killed Menkaure
  5426 | D:6      | Reached *** piety under Okawaru
  5596 | D:6      | Found a basalt altar of Yredelemnul.
  6329 | D:6      | Reached skill level 5 in Invocations
  6336 | D:6      | Reached XP level 9. HP: 56/65 MP: 9/12
  6338 | D:6      | Reached skill level 7 in Long Blades
  6361 | D:6      | Killed groda1's ghost
  6652 | D:7      | Found a staircase to the Ecumenical Temple.
  6669 | D:7      | Reached skill level 5 in Evocations
  6802 | D:7      | Reached **** piety under Okawaru
  7356 | D:8      | Found a sacrificial altar of Ru.
  7603 | D:8      | Noticed a two-headed ogre
  7618 | D:8      | Killed a two-headed ogre
  7618 | D:8      | Reached skill level 8 in Long Blades
  7618 | D:8      | Reached skill level 5 in Dodging
  7618 | D:8      | Gained mutation: You are immune to rotting. [demonic
                  | ancestry]
  7618 | D:8      | Reached XP level 10. HP: 42/73 MP: 12/15
  8157 | D:9      | Noticed Maggie
  8169 | D:9      | Reached skill level 5 in Fighting
  8171 | D:9      | Killed Maggie
  8258 | D:9      | Paralysed by a hornet for 1 turns
  8339 | D:9      | Found a stormy altar of Qazlal.
  8395 | D:9      | Found Fohaarel's Weapon Shop.
  8437 | D:9      | Noticed Prince Ribbit
  8602 | D:9      | Found a staircase to the Lair.
  8602 | D:9      | Noticed an elephant
  8670 | D:9      | Killed an elephant
  8670 | D:9      | Reached skill level 9 in Long Blades
  9059 | D:9      | Killed Prince Ribbit
  9219 | D:10     | Entered Level 10 of the Dungeon
  9246 | D:10     | Reached ***** piety under Okawaru
  9258 | D:10     | Received a gift from Okawaru
  9564 | D:10     | Gained mutation: You may emit foul miasma when damaged in
                  | melee. [demonic ancestry]
  9564 | D:10     | Reached XP level 11. HP: 28/81 MP: 17/17
  9900 | D:11     | Received a gift from Okawaru
  9903 | D:11     | Got a pair of crude gloves {god gift}
  9921 | D:11     | Identified the +1 pair of gloves of the Invisible Hand
                  | {Harm} (Okawaru gifted it to you on level 11 of the
                  | Dungeon)
 10031 | D:11     | Found Uckanischoa's Distillery.
 10146 | D:11     | Reached skill level 10 in Long Blades
 10210 | D:11     | Noticed a green ugly thing
 10223 | D:11     | Killed a green ugly thing
 10773 | D:11     | Killed an unseen horror
 11196 | D:12     | Killed an unseen horror
 11461 | D:12     | Found a staircase to the Orcish Mines.
 11844 | D:12     | Killed an unseen horror
 12019 | D:13     | Reached skill level 11 in Long Blades
 12097 | D:13     | Found a runed translucent gate.
 12097 | D:13     | Found a runed translucent gate.
 12097 | D:13     | Found a runed translucent gate.
 12098 | D:13     | Noticed Yqoodd's ghost (journeyman GnWr)
 12116 | D:13     | Gained mutation: You have claws for hands. [demonic
                  | ancestry]
 12116 | D:13     | Reached XP level 12. HP: 77/89 MP: 11/19
 12137 | D:13     | Mangled by a wolf spider simulacrum

Illustrated notes

Levels and vault maps discovered:
D:1:      scummos_arrival_hexagon, layout_rooms
D:2:      layout_loops_ring, nicolae_overflow_hidden_temple, minmay_heptomino_l4
D:3:      layout_loops_corners, nemelex_xobeh_ov_fountains_minmay,
          kennysheep_okawaru_gauntlet, uniq_terence
D:4:      layout_rooms, elyvilon_altar_5
D:5:      layout_cave_pools, first_ration, uniq_eustachio
D:6:      layout_layer_cave, brannock_xom_greatest_gift, kennysheep_mini,
          serial_shops, shop_statue, gammafunk_ghost_split, uniq_menkaure
D:7:      layout_rooms, minmay_temple_entry_trees
D:8:      layout_loops_ring, kennysheep_mini_moat, nrook_campfire,
          hangedman_little_slice_of_home, grunt_decor_arrowhead
D:9:      layout_gridville, overflow_temple_1_default, david_lair_generic,
          serial_shops, nicolae_shop_statue_plus, uniq_prince_ribbit1,
          uniq_maggie
D:10:     layout_rooms
D:11:     layout_basic, serial_shops, nicolae_shop_statue_plus
D:12:     layout_roguey, orc_0_dummy
D:13:     layout_cave_pools, david_vaults_1, enter_bailey_3,
          gammafunk_ghost_necromancy

Skill      XL: |  1  2  3  4  5  6  7  8  9 10 11 12 |
---------------+-------------------------------------+-----
Long Blades    | 3 4 5 6 8 9 11 | 11.1
Dodging        | 3 4 5 6 |  6.7
Stealth        | 1 2 3 |  3.5
Throwing       | 2 |  2.5
Armour         | 1 2 3 4 |  4.0
Invocations    | 1 2 3 5 6 8 9 |  9.7
Evocations     | 1 2 3 4 5 7 8 |  8.6
Fighting       | 3 4 6 7 |  7.0

Action                   |  1- 3 |  4- 6 |  7- 9 | 10-12 || total
-------------------------+-------+-------+-------+-------++-------
Melee: Long sword        |    85 |   186 |   270 |       ||   541
       Dagger            |     8 |       |       |       ||     8
       Punch             |       |     1 |     4 |       ||     5
       Great sword       |       |       |    55 |   501 ||   556
Throw: Dart              |     2 |    15 |     1 |    22 ||    40
       Throwing net      |       |     2 |     1 |     5 ||     8
       Javelin           |       |       |       |     5 ||     5
Invok: Heroism           |       |     1 |     6 |    11 ||    18
       Finesse           |       |       |       |     4 ||     4
Evoke: Wand              |       |     1 |       |     2 ||     3
  Use: Potion            |       |     3 |     4 |     5 ||    12
       Scroll            |       |    11 |     5 |     9 ||    25
 Stab: Sleeping          |     3 |     4 |     4 |     5 ||    16
       Paralysed         |       |     2 |       |       ||     2
       Held in net/web   |       |       |       |     3 ||     3
  Eat: Chunk             |     3 |     7 |    12 |    16 ||    38
Armor: Leather armour    |    31 |    85 |   133 |    15 ||   264
       Troll leather arm |       |       |       |   230 ||   230
Dodge: Dodged            |    85 |   135 |   297 |   553 ||  1070
       Rpst.: Long sword |    30 |    48 |    68 |       ||   146
       Great sword       |       |       |    12 |   131 ||   143
